 Dungeon Crawl Stone Soup version 0.27.1-34-g3ba077fa99 (webtiles) character file.

Game seed: 17594392427830104876

2738 mcbry74 the Impaler (level 9, -26/62 HPs)
             Began as a Merfolk Gladiator on Jan 28, 2022.
             Was a Priest of Fedhas.
             Annihilated by a boulder beetle (43 damage)
             ... on level 6 of the Dungeon.
             The game lasted 00:22:27 (7276 turns).

mcbry74 the Impaler (Merfolk Gladiator)             Turns: 7276, Time: 00:22:28

Health: -26/62     AC:  4    Str: 20    XL:     9   Next: 67%
Magic:  7/9        EV: 13    Int: 11    God:    Fedhas [***...]
Gold:   59         SH:  0    Dex: 15    Spells: 8/8 levels left

rFire    x . .     SeeInvis .   A - +7 trident of the Middle {protect, rF- Str+6}
rCold    . . .     Faith    .   (no shield)
rNeg     + . .     Spirit   .   l - +1 robe {rN+}
rPois    .         Reflect  .   c - +0 helmet
rElec    .         Harm     .   (no cloak)
rCorr    .         Rampage  .   (no gloves)
Will     .....                  (no boots)
Stlth    +.........             (no amulet)
HPRegen  0.20/turn              (no ring)
MPRegen  0.11/turn              (no ring)

@: no status effects
A: (nimble swimmer 2), mertail
a: Renounce Religion, Wall of Briars, Grow Ballistomycete


You were on level 6 of the Dungeon.
You worshipped Fedhas.
Fedhas was most pleased with you.
You visited 1 branch of the dungeon, and saw 6 of its levels.

You collected 288 gold pieces.
You spent 229 gold pieces at shops.

Inventory:

Hand Weapons
 a - a +0 trident
 w - a +0 halberd
 A - the +7 trident of the Middle (weapon) {protect, rF- Str+6}
   (You bought it in a shop on level 5 of the Dungeon)

   It grants its wielder temporary protection when it strikes (+7 to AC).
   Str:       It affects your strength (+6).
   rF:        It makes you vulnerable to fire.
 B - a +2 whip of flaming
Missiles
 d - 2 throwing nets
 e - 3 atropa-tipped darts
 p - 34 poisoned darts (quivered)
 u - 16 sling bullets
Armour
 b - a +0 leather armour
 c - a +0 helmet (worn)
 l - a +1 robe of positive energy (worn)
 E - a +0 tower shield
Jewellery
 r - a ring of flight
Wands
 s - a wand of acid (4)
 C - a wand of digging (5)
 D - a wand of polymorph (9)
Scrolls
 h - a scroll of holy word
 i - a scroll of silence {unknown}
 j - 4 scrolls of vulnerability
 k - a scroll of immolation {unknown}
 m - a scroll of noise {unknown}
 o - a scroll of magic mapping {unknown}
 q - 2 scrolls of amnesia {unknown}
 x - 2 scrolls of enchant weapon {unknown}
 y - 2 scrolls of identify
 F - a scroll of teleportation {unknown}
Potions
 f - a potion of mutation
 g - 2 potions of flight
 n - a potion of curing
 t - a potion of magic
 v - a potion of attraction
 z - a potion of haste {unknown}


   Skills:
 + Level 2.4 Fighting
 - Level 17.0 Polearms
 + Level 2.2 Throwing
 + Level 0.3 Armour
 + Level 4.2 Dodging
 + Level 0.6 Shields
 + Level 0.7 Invocations
 + Level 0.6 Evocations


You had 8 spell levels left.
You didn't know any spells.
Your spell library contained the following spells:

 Spells                   Type           Power      Damage    Failure   Level
 Magic Dart               Conj           0%         1d3       34%         1
 Ensorcelled Hibernation  Hex/Ice        0%         N/A       47%         2
 Searing Ray              Conj           0%         3d3       47%         2
 Spider Form              Tmut/Pois      0%         N/A       71%         3
 Fulminant Prism          Conj/Hex       0%         3d6       98%         4
 Shadow Creatures         Summ           N/A        N/A       100%        6


Dungeon Overview and Level Annotations

Branches:
Dungeon (6/15)
 Temple: D:4-7

Altars:
Fedhas

Shops:
D:5 (


Innate Abilities, Weirdness & Mutations

((You are quick and stealthy near water. (Stealth+, EV+, Speed+++)))
Your lower body shifts to a powerful aquatic tail in water.


Message History

Evoke which item? (* to show all) (? for menu, Esc to quit)
Okay, then.
Reach: A) +7 trident of the Middle {protect, rF- Str+6}
Press: ? - help, Dir - move target, f/p - boulder beetle
Aim: a boulder beetle (moderately wounded, ally target, about 8% to evade the +7 trident of the Middle)
You reach to attack!
You hit the boulder beetle.
Your weapon exudes an aura of protection.
The boulder beetle is moderately wounded.
Reach: A) +7 trident of the Middle {protect, rF- Str+6}
Press: ? - help, Dir - move target, f/p - boulder beetle
Aim: a boulder beetle (moderately wounded, ally target, about 8% to evade the +7 trident of the Middle)
You reach to attack!
You puncture the boulder beetle!
The boulder beetle is heavily wounded.
The boulder beetle bites your briar patch!!
Your briar patch is destroyed!
Your briar patch disappears in a puff of smoke!
You walk carefully through the plants.
The boulder beetle bites your briar patch!
Your briar patch is destroyed!
Your briar patch disappears in a puff of smoke!
Items here: ))) [[ ÷.
Reach: A) +7 trident of the Middle {protect, rF- Str+6}
Press: ? - help, Dir - move target, f/p - boulder beetle
Aim: a boulder beetle (heavily wounded, ally target, about 8% to evade the +7 trident of the Middle)
You could not reach far enough!
Reach: A) +7 trident of the Middle {protect, rF- Str+6}
Press: ? - help, Dir - move target, f/p - boulder beetle
Aim: a boulder beetle (heavily wounded, ally target, about 8% to evade the +7 trident of the Middle)
You reach to attack!
You hit the boulder beetle but do no damage.
The boulder beetle is heavily wounded.
The boulder beetle leaps!
The boulder beetle curls into a ball and begins rolling!
The boulder beetle closely misses you.
The boulder beetle stops rolling and uncurls.
The boulder beetle curls into a ball and begins rolling!
The boulder beetle hits you!!!
Ouch! That really hurt!
You die...
Fedhas appreciates your contribution to the ecosystem.

#.##(#.#P#####.#####.#
#....°.#.......# #.#
####°###.......# #.##
#..# ######### #.c.
####°#### ###...
#....○..# #<....
#.....○.# #.....
#......B# #.....
#......@# ###...
#.......# #...
#..[....### ##.#
#.........# .#
###..####.# .#
#..####.## #..#.....
#..#.##.########
#..#.##........#


You could see a boulder beetle (rolling).

Vanquished Creatures
  Pikel (D:5)
  Grinder (D:5)
  2 slime creatures (D:5)
  Menkaure (D:5)
  A water moccasin (D:5)
  An ice beast (D:6)
  2 ogres
  2 lemures (D:5)
  3 phantoms
  2 centaurs
  A scorpion (D:5)
  A water moccasin zombie (D:5)
  A water moccasin skeleton (D:5)
  A wyvern skeleton (D:6)
  A howler monkey (D:4)
  2 bullfrog zombies
  4 jellies (D:5)
  A centaur zombie (D:5)
  A hound (D:5)
  2 orc priests
  Terence (D:3)
  4 orc wizards
  7 adders
  2 gnolls (D:4)
  A howler monkey skeleton (D:3)
  A shadow imp (D:5)
  A white imp (D:5)
  An adder zombie (D:5)
  3 worms (D:3)
  4 dart slugs
  13 orcs
  4 bats
  13 endoplasms
  3 giant cockroaches
  8 goblins
  8 hobgoblins
  9 jackals
  11 kobolds
  A quokka (D:3)
  4 ball pythons (D:1)
  4 frilled lizards
  2 rats
136 creatures vanquished.

Vanquished Creatures (collateral kills)
  A gnoll (D:4)
  An endoplasm (D:5)
2 creatures vanquished.

Vanquished Creatures (others)
  3 fungi (D:5)
  10 toadstools (D:5)
13 creatures vanquished.

Grand Total: 151 creatures vanquished

Notes
Turn   | Place    | Note
-------+----------+-------------------------------------------
     0 | D:1      | mcbry74 the Merfolk Gladiator began the quest for the Orb.
     0 | D:1      | Reached XP level 1. HP: 16/16 MP: 1/1
    69 | D:1      | Reached skill level 5 in Polearms
   148 | D:1      | Reached XP level 2. HP: 18/22 MP: 2/2
   524 | D:1      | Reached skill level 6 in Polearms
   524 | D:1      | Reached XP level 3. HP: 27/27 MP: 3/3
  1401 | D:2      | Found a faded altar of an unknown god.
  1407 | D:2      | Became a worshipper of Fedhas Madash
  1407 | D:2      | Reached * piety under Fedhas
  1450 | D:2      | Reached skill level 7 in Polearms
  1450 | D:2      | Reached XP level 4. HP: 30/33 MP: 4/4
  1814 | D:3      | Noticed a phantom
  1826 | D:3      | Killed a phantom
  1827 | D:3      | Reached skill level 8 in Polearms
  1827 | D:3      | Reached XP level 5. HP: 26/38 MP: 5/5
  1951 | D:3      | Noticed Terence
  1988 | D:3      | Killed Terence
  1989 | D:3      | Reached skill level 9 in Polearms
  2217 | D:3      | Reached XP level 6. HP: 44/44 MP: 6/6
  2354 | D:3      | Reached ** piety under Fedhas
  2714 | D:3      | Reached skill level 10 in Polearms
  3456 | D:4      | Reached XP level 7. HP: 50/50 MP: 7/7
  3573 | D:4      | Reached skill level 11 in Polearms
  4299 | D:5      | Entered Level 5 of the Dungeon
  4822 | D:5      | Noticed a slime creature
  4822 | D:5      | Noticed a slime creature
  4864 | D:5      | Killed a slime creature
  4865 | D:5      | Reached skill level 12 in Polearms
  4918 | D:5      | Killed a slime creature
  4919 | D:5      | Reached skill level 13 in Polearms
  4919 | D:5      | Reached XP level 8. HP: 9/56 MP: 8/8
  5323 | D:5      | Noticed Grinder
  5345 | D:5      | Found Afi Voje's Antique Weapon Shop.
  5664 | D:5      | Noticed Menkaure
  5697 | D:5      | Killed Menkaure
  5698 | D:5      | Reached skill level 14 in Polearms
  6007 | D:5      | Bought a polished trident for 229 gold pieces
  6007 | D:5      | Identified the +7 trident of the Middle {protect, rF-
                  | Str+6} (You bought it in a shop on level 5 of the Dungeon)
  6120 | D:5      | Noticed Pikel
  6132 | D:5      | Killed Pikel
  6133 | D:5      | Reached skill level 15 in Polearms
  6133 | D:5      | Reached XP level 9. HP: 8/61 MP: 9/9
  6782 | D:6      | Noticed a boulder beetle
  6791 | D:5      | Reached *** piety under Fedhas
  6792 | D:5      | Reached skill level 16 in Polearms
  6855 | D:5      | Killed Grinder
  7127 | D:6      | Reached skill level 17 in Polearms
  7276 | D:6      | Annihilated by a boulder beetle

Illustrated notes

Levels and vault maps discovered:
D:1:      dpeg_arrival_houses_and_road, layout_loops_ring,
          minmay_misc_feat_four_crosses
D:2:      layout_rooms, shapermc_ecumenical_altar_notcrosses,
          minmay_misc_feat_square, kennysheep_small_spiral
D:3:      layout_loops_cross, st_stairs_7, uniq_terence
D:4:      layout_cave_pools, serial_co_window_serial, co_window_corner_a,
          co_window_paths_a, co_window_paths_a, co_window_paths_a,
          co_window_corner_a, co_window_broadway_b, co_window_unsneaky_path_b,
          co_window_unsneaky_path_c, co_window_cross_4,
          co_window_unsneaky_path_b, co_window_paths_e, glass_columns_b,
          glass_columns_a, glass_columns_c, glass_columns_b, glass_columns_c,
          dk_noncrumbling_3
D:5:      cheibrodos_fertilizer, layout_basic, serial_shops,
          nicolae_stop_n_shop_1, uniq_menkaure, uniq_grinder, uniq_pikel
D:6:      layout_loops_cross, minmay_temple_entry_poolview,
          hangedman_decor_clover_reticule, uniq_crazy_yiuf_cottage

Skill      XL: |  1  2  3  4  5  6  7  8  9 |
---------------+----------------------------+-----
Polearms       | 5 6 7 8 9 10 13 15 17 | 17.0
Fighting       | |  2.4
Throwing       | |  2.2
Armour         | |  0.3
Dodging        | |  4.2
Shields        | |  0.6
Invocations    | |  0.7
Evocations     | |  0.6

Action                   |  1- 3 |  4- 6 |  7- 9 || total
-------------------------+-------+-------+-------++-------
Melee: Trident           |   116 |   170 |   298 ||   584
Throw: Throwing net      |       |     2 |       ||     2
       Dart              |       |     4 |     1 ||     5
Invok: Wall of Briars    |       |     1 |     4 ||     5
  Use: Scroll            |       |     4 |     3 ||     7
 Stab: Sleeping          |     1 |     2 |     2 ||     5
       Distracted        |       |       |     1 ||     1
Armor: Leather armour    |    23 |       |       ||    23
       Robe              |       |    20 |    33 ||    53
Dodge: Dodged            |    63 |    66 |   107 ||   236
